| TOP OF THE 1ST |
|
Clinton LumberKings batting - Pitching for Beloit Snappers : RHP Corbin Schenn
|
|
Pitching: RHP Corbin Schenn
|
|
|
Batting: SHB Tony Morales
|
0-0: Foul Ball, location: 2F 0-1: SINGLE (Flyball, 34D, EV 95.0 MPH)
|
|
Batting: LHB Chang Huie
|
0-0: Foul Ball, location: 2F 0-1: Foul Ball, location: 2F 0-2: Ball 1-2: SINGLE (Groundball, 56S, EV 68.1 MPH) (infield hit) Tony Morales to second
|
|
Batting: RHB Ryan Criollo
|
0-0: Called Strike 0-1: Called Strike 0-2: Ball 1-2: Strikes out swinging
|
|
Batting: LHB Jason Hopkins
|
0-0: Called Strike 0-1: Foul Ball, location: 2F 0-2: Ball 1-2: Foul Ball, location: 2F 1-2: Foul Ball, location: 2F 1-2: Ball 2-2: Foul Ball, location: 2F 2-2: Ball 3-2: SINGLE (Groundball, 34D, EV 100.0 MPH) Tony Morales to third Chang Huie to second Runner from 3rd tries for Home, SAFE, throw by RF to home
|
|
Batting: RHB Jesus Santiago
|
0-0: Grounds into double play, 4-6-3 (Groundball, 4, EV 86.9 MPH)
|
| Top of the 1st over - 1 run, 3 hits, 0 errors, 1 left on base; Clinton 1 - Beloit 0 |
| BOTTOM OF THE 1ST |
|
Beloit Snappers batting - Pitching for Clinton LumberKings : LHP Andy Mathis
|
|
Pitching: LHP Andy Mathis
|
|
|
Batting: SHB Robert Santiago
|
0-0: Ground out 4-3 (Groundball, 4, EV 102.5 MPH)
|
|
Batting: RHB Josh Whaley
|
0-0: Ball 1-0: Ball 2-0: Foul Ball, location: 2F 2-1: Swinging Strike 2-2: Strikes out swinging
|
|
Batting: RHB Tim Cordle
|
0-0: Called Strike 0-1: Ball 1-1: Called Strike 1-2: Foul Ball, location: 2F 1-2: SINGLE (Flyball, 8RS, EV 94.4 MPH)
|
|
Batting: RHB Casey Nicita
|
0-0: Called Strike 0-1: Foul Ball, location: 2F 0-2: Strikes out swinging
|
| Bottom of the 1st over - 0 runs, 1 hit, 0 errors, 1 left on base; Clinton 1 - Beloit 0 |
| TOP OF THE 2ND |
|
Clinton LumberKings batting - Pitching for Beloit Snappers : RHP Corbin Schenn
|
|
Batting: LHB Kenny Gerrity
|
0-0: Ball 1-0: Foul Ball, location: 2F 1-1: Called Strike 1-2: Fly out, F7 (Flyball, 7, EV 92.5 MPH)
|
|
Batting: RHB Justin Colella
|
0-0: Ball 1-0: Ball 2-0: Ground out 6-3 (Groundball, 6MS, EV 76.2 MPH)
|
|
Batting: SHB Garrett McKenna
|
0-0: Called Strike 0-1: Ball 1-1: Foul Ball, location: 2F 1-2: Ball 2-2: Ball 3-2: Fly out, F7 (Flyball, 7S, EV 90.6 MPH)
|
| Top of the 2nd over - 0 runs, 0 hits, 0 errors, 0 left on base; Clinton 1 - Beloit 0 |
| BOTTOM OF THE 2ND |
|
Beloit Snappers batting - Pitching for Clinton LumberKings : LHP Andy Mathis
|
|
Batting: LHB Angel Sanchez
|
0-0: Ball 1-0: Ball 2-0: Ball 3-0: Base on Balls
|
|
Batting: RHB Todd Vanasco
|
0-0: Ball 1-0: Swinging Strike 1-1: Ball 2-1: Grounds into double play, 4-6-3 (Groundball, 4, EV 103.8 MPH)
|
|
Batting: RHB Jose Marquez
|
0-0: Called Strike 0-1: Ball 1-1: Swinging Strike 1-2: Foul Ball, location: 2F 1-2: Strikes out swinging
|
| Bottom of the 2nd over - 0 runs, 0 hits, 0 errors, 0 left on base; Clinton 1 - Beloit 0 |
| TOP OF THE 3RD |
|
Clinton LumberKings batting - Pitching for Beloit Snappers : RHP Corbin Schenn
|
|
Batting: RHB Chris Van Niel
|
0-0: Ball 1-0: Called Strike 1-1: Called Strike 1-2: Foul Ball, location: 2F 1-2: Ball 2-2: Strikes out swinging
|
|
Batting: SHB Tony Morales
|
0-0: Ball 1-0: Swinging Strike 1-1: Ball 2-1: Foul Ball, location: 2F 2-2: Ground out U3 (Groundball, 3L, EV 101.2 MPH)
|
|
Batting: LHB Chang Huie
|
0-0: Ball 1-0: Foul Ball, location: 2F 1-1: Fly out, F4 (Line Drive, 34, EV 72.5 MPH)
|
| Top of the 3rd over - 0 runs, 0 hits, 0 errors, 0 left on base; Clinton 1 - Beloit 0 |
| BOTTOM OF THE 3RD |
|
Beloit Snappers batting - Pitching for Clinton LumberKings : LHP Andy Mathis
|
|
Batting: RHB Rick Linders
|
0-0: Called Strike 0-1: Foul Ball, location: 2F 0-2: Strikes out swinging
|
|
Batting: SHB Mike Jorgenson
|
0-0: Ball 1-0: Ball 2-0: Ground out 5-3 (Groundball, 56, EV 101.9 MPH)
|
|
Batting: SHB Robert Santiago
|
0-0: Foul Ball, location: 2F 0-1: Called Strike 0-2: Ball 1-2: Ground out 4-3 (Groundball, 4M, EV 84.4 MPH)
|
| Bottom of the 3rd over - 0 runs, 0 hits, 0 errors, 0 left on base; Clinton 1 - Beloit 0 |
| TOP OF THE 4TH |
|
Clinton LumberKings batting - Pitching for Beloit Snappers : RHP Corbin Schenn
|
|
Batting: RHB Ryan Criollo
|
0-0: Swinging Strike 0-1: Ball 1-1: Ball 2-1: SINGLE (Flyball, 78S, EV 97.5 MPH)
|
|
Batting: LHB Jason Hopkins
|
0-0: Ball 1-0: Fly out, F8 (Flyball, 8LD, EV 107.5 MPH)
|
|
Batting: RHB Jesus Santiago
|
0-0: Called Strike 0-1: Ball 1-1: Ball 2-1: Ball 3-1: Called Strike 3-2: Foul Ball, location: 2F 3-2: Strikes out swinging
|
|
Batting: LHB Kenny Gerrity
|
0-0: Ball 1-0: Ball 2-0: SINGLE (Line Drive, 56D, EV 94.4 MPH) Ryan Criollo to second
|
|
Batting: RHB Justin Colella
|
0-0: Called Strike Ryan Criollo steals 3rd base 0-1: Ground out 1-3 (Groundball, 34S, EV 63.1 MPH)
|
| Top of the 4th over - 0 runs, 2 hits, 0 errors, 2 left on base; Clinton 1 - Beloit 0 |
| BOTTOM OF THE 4TH |
|
Beloit Snappers batting - Pitching for Clinton LumberKings : LHP Andy Mathis
|
|
Batting: RHB Josh Whaley
|
0-0: Called Strike 0-1: Ball 1-1: Called Strike 1-2: Foul Ball, location: 2F 1-2: Ball 2-2: DOUBLE (Line Drive, 9LS, EV 108.1 MPH)
|
|
Batting: RHB Tim Cordle
|
0-0: Fly out, F9 (Flyball, 9, EV 82.5 MPH)
|
|
Batting: RHB Casey Nicita
|
0-0: Ball 1-0: Foul Ball, location: 2F 1-1: 2-RUN HOME RUN (Flyball, 7LD, EV 88.1 MPH), Distance : 331 ft
|
|
Batting: LHB Angel Sanchez
|
0-0: Ball 1-0: Swinging Strike 1-1: Called Strike 1-2: Foul Ball, location: 2F 1-2: Fly out, F5 (Popup, 56, EV 75.6 MPH)
|
|
Batting: RHB Todd Vanasco
|
0-0: Ball 1-0: Ball 2-0: Foul Ball, location: 2F 2-1: Foul Ball, location: 2F 2-2: Fly out, F4 (Popup, 4D, EV 51.2 MPH)
|
| Bottom of the 4th over - 2 runs, 2 hits, 0 errors, 0 left on base; Clinton 1 - Beloit 2 |
| TOP OF THE 5TH |
|
Clinton LumberKings batting - Pitching for Beloit Snappers : RHP Corbin Schenn
|
|
Batting: SHB Garrett McKenna
|
0-0: SINGLE (Groundball, 4MD, EV 98.8 MPH)
|
|
Batting: RHB Chris Van Niel
|
0-0: Fly out, F8 (Line Drive, 78M, EV 84.4 MPH)
|
|
Batting: SHB Tony Morales
|
0-0: Ball 1-0: Fly out, F9 (Flyball, 9D, EV 81.2 MPH)
|
|
Batting: LHB Chang Huie
|
0-0: Ball 1-0: Swinging Strike 1-1: SINGLE (Groundball, 3D, EV 98.8 MPH) Garrett McKenna to second Runner from 2nd tries for 3rd, SAFE, throw by RF made at trailing runner, OUT! 9-6
|
| Top of the 5th over - 0 runs, 2 hits, 0 errors, 1 left on base; Clinton 1 - Beloit 2 |
| BOTTOM OF THE 5TH |
|
Beloit Snappers batting - Pitching for Clinton LumberKings : LHP Andy Mathis
|
|
Batting: RHB Jose Marquez
|
0-0: Foul Ball, location: 2F 0-1: SINGLE (Groundball, 34D, EV 109.4 MPH)
|
|
Batting: RHB Rick Linders
|
0-0: Ball 1-0: Ball 2-0: Fly out, F9 (Flyball, 9LS, EV 82.5 MPH)
|
|
Batting: SHB Mike Jorgenson
|
0-0: Ball 1-0: Swinging Strike 1-1: Called Strike 1-2: Fielders Choice at 2nd, 5-4 (Groundball, 56S, EV 83.1 MPH)
|
|
Batting: SHB Robert Santiago
|
0-0: Ball Mike Jorgenson is caught stealing 2nd base 2-4
|
| Bottom of the 5th over - 0 runs, 1 hit, 0 errors, 0 left on base; Clinton 1 - Beloit 2 |
| TOP OF THE 6TH |
|
Clinton LumberKings batting - Pitching for Beloit Snappers : RHP Corbin Schenn
|
|
Batting: RHB Ryan Criollo
|
0-0: Fly out, F5 (Popup, 56S, EV 58.1 MPH)
|
|
Batting: LHB Jason Hopkins
|
0-0: Called Strike 0-1: Swinging Strike 0-2: Ball 1-2: Ball 2-2: Hit by Pitch
|
|
Pitching: RHP Nick Cunningham
|
|
|
Batting: RHB Jesus Santiago
|
0-0: Swinging Strike 0-1: Fielders Choice at 2nd, 5-4 (Groundball, 56, EV 76.2 MPH)
|
|
Batting: LHB Kenny Gerrity
|
0-0: Called Strike 0-1: Swinging Strike 0-2: Ball 1-2: Strikes out swinging
|
| Top of the 6th over - 0 runs, 0 hits, 0 errors, 1 left on base; Clinton 1 - Beloit 2 |
| BOTTOM OF THE 6TH |
|
Beloit Snappers batting - Pitching for Clinton LumberKings : LHP Andy Mathis
|
|
Batting: SHB Robert Santiago
|
0-0: Called Strike 0-1: Called Strike 0-2: Foul Ball, location: 2F 0-2: Ground out 4-3 (Groundball, 4M, EV 103.1 MPH)
|
|
Batting: RHB Josh Whaley
|
0-0: Ball 1-0: Ball 2-0: Foul Ball, location: 2F 2-1: SINGLE (Groundball, 6MD, EV 95.0 MPH)
|
|
Pitching: LHP Ben Burton
|
|
|
Batting: RHB Tim Cordle
|
0-0: Ball 1-0: Foul Ball, location: 2F 1-1: Grounds into double play, 5-4-3 (Groundball, 56, EV 90.0 MPH)
|
| Bottom of the 6th over - 0 runs, 1 hit, 0 errors, 0 left on base; Clinton 1 - Beloit 2 |
| TOP OF THE 7TH |
|
Clinton LumberKings batting - Pitching for Beloit Snappers : RHP Nick Cunningham
|
|
Now at 3B: Robert Santiago
|
|
|
Now at SS: Hidetada Iba
|
|
|
Batting: RHB Justin Colella
|
0-0: Foul Ball, location: 2F 0-1: Ball 1-1: Swinging Strike 1-2: Ball 2-2: Ball 3-2: Foul Ball, location: 2F 3-2: Fly out, F9 (Line Drive, 89M, EV 97.5 MPH)
|
|
Batting: SHB Garrett McKenna
|
0-0: Ball 1-0: Called Strike 1-1: Called Strike 1-2: Strikes out swinging
|
|
Batting: RHB Chris Van Niel
|
0-0: Ground out 4-3 (Groundball, 4, EV 90.6 MPH)
|
| Top of the 7th over - 0 runs, 0 hits, 0 errors, 0 left on base; Clinton 1 - Beloit 2 |
| BOTTOM OF THE 7TH |
|
Beloit Snappers batting - Pitching for Clinton LumberKings : LHP Ben Burton
|
|
Batting: RHB Casey Nicita
|
0-0: Swinging Strike 0-1: Fly out, F9 (Line Drive, 9, EV 105.0 MPH)
|
|
Batting: LHB Angel Sanchez
|
0-0: Ground out U3 (Groundball, 3L, EV 88.8 MPH)
|
|
Batting: RHB Todd Vanasco
|
0-0: Ball 1-0: Ball 2-0: Ground out 5-3 (Groundball, 25, EV 90.6 MPH)
|
| Bottom of the 7th over - 0 runs, 0 hits, 0 errors, 0 left on base; Clinton 1 - Beloit 2 |
| TOP OF THE 8TH |
|
Clinton LumberKings batting - Pitching for Beloit Snappers : RHP Nick Cunningham
|
|
Batting: SHB Tony Morales
|
0-0: Called Strike 0-1: Ball 1-1: Ball 2-1: Fly out, F8 (Flyball, 8LD, EV 102.5 MPH)
|
|
Batting: LHB Chang Huie
|
0-0: Ball 1-0: Ball 2-0: SINGLE (Groundball, 6MD, EV 105.0 MPH)
|
|
Batting: RHB Ryan Criollo
|
0-0: Fly out, F1 (Line Drive, P, EV 65.6 MPH)
|
|
Pitching: LHP Jimmy Ford
|
|
|
Batting: LHB Jason Hopkins
|
Pickoff Throw to First - Out! 1-3
|
| Top of the 8th over - 0 runs, 1 hit, 0 errors, 0 left on base; Clinton 1 - Beloit 2 |
| BOTTOM OF THE 8TH |
|
Beloit Snappers batting - Pitching for Clinton LumberKings : LHP Ben Burton
|
|
Batting: RHB Jose Marquez
|
0-0: Foul Ball, location: 2F 0-1: Ground out 5-3 (Groundball, 5L, EV 93.1 MPH)
|
|
Batting: RHB Rick Linders
|
0-0: Ball 1-0: Swinging Strike 1-1: SOLO HOME RUN (Line Drive, 7D, EV 98.1 MPH), Distance : 383 ft
|
|
Batting: SHB Mike Jorgenson
|
0-0: Ball 1-0: Ball 2-0: TRIPLE (Flyball, 89D, EV 91.2 MPH)
|
|
Batting: SHB Robert Santiago
|
0-0: Hit by Pitch
|
|
Batting: RHB Josh Whaley
|
0-0: Called Strike 0-1: Foul Ball, location: 2F 0-2: Ball Robert Santiago steals 2nd base (no throw) 1-2: Ball 2-2: Strikes out swinging
|
|
Batting: RHB Hidetada Iba
|
0-0: Ground out 3-1 (Groundball, 34S, EV 88.8 MPH)
|
| Bottom of the 8th over - 1 run, 2 hits, 0 errors, 2 left on base; Clinton 1 - Beloit 3 |
| TOP OF THE 9TH |
|
Clinton LumberKings batting - Pitching for Beloit Snappers : LHP Jimmy Ford
|
|
Batting: LHB Jason Hopkins
|
0-0: Ball 1-0: Ball 2-0: Ball 3-0: Called Strike 3-1: Foul Ball, location: 2F 3-2: Foul Ball, location: 2F 3-2: Ground out 4-3 (Groundball, 4, EV 110.0 MPH)
|
|
Pitching: RHP Alec Bassett
|
|
|
Batting: RHB Jesus Santiago
|
0-0: Foul Ball, location: 2F 0-1: Ball 1-1: Ball 2-1: Swinging Strike 2-2: Strikes out swinging
|
|
Batting: LHB Kenny Gerrity
|
0-0: Ball 1-0: Fly out, F9 (Flyball, 9S, EV 86.9 MPH)
|
| Top of the 9th over - 0 runs, 0 hits, 0 errors, 0 left on base; Clinton 1 - Beloit 3 |
|